[Event "Team 45 45 League T53"]
[Site "Internet Chess Club"]
[Date "2012.05.18"]
[Round "1"]
[White "tryanything"]
[Black "ChessMaine"]
[Result "1/2-1/2"]
[WhiteElo "1615"]
[BlackElo "1478"]
[Opening "QGD: classical variation (5.Bf4)"]
[ECO "D37"]
[Time "17:59:20"]
[TimeControl "2700+45"]

1. d4 d5 2. c4 e6 3. Nc3 Nf6 4. Nf3 Be7 5. Bf4 O-O 6. e3 b6 7. Bd3 dxc4 8. Bxc4
Bb7 9. O-O Nbd7 10. a3 Rc8 11. Be2 c5 12. dxc5 Nxc5 13. Qxd8 Rfxd8 14. Rfd1 Nb3
15. Rxd8+ Rxd8 16. Rd1 Nd5 17. Nxd5 Bxd5 18. Nd4 Nxd4 19. Rxd4 Bf6 20. Rd2 Rc8
21. f3 Rc1+ 22. Kf2 Rc8 23. Ba6 Rd8 24. e4 Bb3 25. Rxd8+ Bxd8 26. Bb8 Bf6 27.
Bxa7 Bxb2 28. Bxb6 Bxa3 {Game drawn by mutual agreement} 1/2-1/2

[Event "Team 45 45 League T53"]
[Site "Internet Chess Club"]
[Date "2012.05.19"]
[Round "1"]
[White "kidcobra"]
[Black "SugarIslander"]
[Result "0-1"]
[WhiteElo "1773"]
[BlackElo "1642"]
[Opening "Caro-Kann: classical, Maróczy attack"]
[ECO "B18"]
[Time "13:00:27"]
[TimeControl "2700+45"]

1. e4 c6 2. d4 d5 3. Nc3 dxe4 4. Nxe4 Bf5 5. Ng3 Bg6 6. f4 e6 7. Nf3 Nd7 8. Bd3
Bxd3 9. Qxd3 Bd6 10. O-O Ngf6 11. Ne5 O-O 12. Ne4 Nxe4 13. Qxe4 Qc7 14. c3 Rad8
15. Nxd7 Rxd7 16. Be3 a5 17. h3 Re7 18. Qc2 c5 19. dxc5 Bxc5 20. Bxc5 Qxc5+ 21.
Qf2 Qxf2+ 22. Kxf2 Rd7 23. Rad1 Rfd8 24. Ke2 f6 25. Rxd7 Rxd7 26. Rd1 Rxd1 27.
Kxd1 e5 28. fxe5 fxe5 29. Ke2 b5 30. b3 Kf7 31. Ke3 Ke6 32. Ke4 h5 33. h4 g6 34.
g3 Kd6 35. a3 a4 36. b4 Ke6 37. Kf3 Kd5 38. g4 Kc4 39. gxh5 gxh5 40. Ke4 Kxc3
41. Kxe5 Kb3 42. Kd4 Kxa3 43. Kc3 Ka2 44. Kc2 a3 45. Kd3 Kb2 46. Kd4 a2 47. Kc5
a1=Q 48. Kxb5 Kb3 49. Kc5 Qe5+ 50. Kc6 Kxb4 51. Kd7 Qf4 52. Ke6 Qxh4 53. Kf5 Qg3
54. Ke4 h4 55. Kf5 h3 56. Ke4 h2 57. Kd4 h1=R 58. Ke4 Kb3 59. Kd4 Kb2 60. Kc4
Kb1 61. Kd4 Rh4+ 62. Kd5 Qg5+ 63. Ke6 Rh6+ 64. Kf7 Qa5 65. Kg7 Rb6 66. Kf7 Qa7+
67. Ke8 Rb8# {White checkmated} 0-1

[Event "Team 45 45 League T53"]
[Site "Internet Chess Club"]
[Date "2012.05.22"]
[Round "1"]
[White "rom1"]
[Black "RD1974"]
[Result "0-1"]
[WhiteElo "1603"]
[BlackElo "1677"]
[Opening "Dutch defense, Rubinstein variation"]
[ECO "A40"]
[Time "15:06:25"]
[TimeControl "2700+45"]

1. d4 e6 2. c4 f5 3. Nc3 Nf6 4. Nf3 c6 5. e3 d5 6. Bd3 Bd6 7. O-O Qe7 8. e4 fxe4
9. Re1 exd3 10. Qxd3 O-O 11. c5 Bc7 12. Ne5 Nbd7 13. Bg5 Qe8 14. Re3 Bxe5 15.
dxe5 Nxc5 16. Qc2 Nfe4 17. f4 Nxc3 18. Rae1 N3e4 19. b4 Nxg5 20. fxg5 Ne4 21.
Rh3 Qg6 22. Qe2 Bd7 23. Qg4 Nf2 {White resigns} 0-1

[Event "Team 45 45 League T53"]
[Site "Internet Chess Club"]
[Date "2012.05.19"]
[Round "1"]
[White "chesskix"]
[Black "nanning"]
[Result "0-1"]
[WhiteElo "1502"]
[BlackElo "1605"]
[Opening "English: Caro-Kann defensive system"]
[ECO "A11"]
[Time "09:04:26"]
[TimeControl "2700+45"]

1. c4 c6 2. Nc3 d5 3. c5 e5 4. d4 exd4 5. Qxd4 Nf6 6. Bg5 Nbd7 7. b4 a5 8. Nf3
axb4 9. Qxb4 Bxc5 10. Qb3 Ra3 11. Qb2 h6 12. Bd2 O-O 13. e3 Qb6 14. Qc2 Re8 15.
Be2 d4 16. Na4 Rxa4 17. Qxa4 dxe3 18. Bc3 exf2+ 19. Kf1 Ne4 20. Qa5 Nxc3 21.
Qxc3 Nf6 22. g3 Bh3# {White checkmated} 0-1

[Event "Team 45 45 League T53"]
[Site "Internet Chess Club"]
[Date "2012.05.19"]
[Round "1"]
[White "oldsj"]
[Black "monkhammer"]
[Result "1-0"]
[WhiteElo "1581"]
[BlackElo "1426"]
[Opening "Ruy Lopez: open, Riga variation"]
[ECO "C80"]
[Time "15:00:16"]
[TimeControl "2700+45"]

1. e4 e5 2. Nf3 Nc6 3. Bb5 a6 4. Ba4 Nf6 5. O-O Nxe4 6. d4 exd4 7. Re1 d5 8.
Nxd4 Bd6 9. Nxc6 Bxh2+ 10. Kf1 Qh4 11. Nd4+ c6 12. Be3 O-O 13. Nf3 Qh5 14. Nxh2
Qxh2 15. Qf3 h5 16. Qf4 Qh1+ 17. Ke2 Bg4+ 18. f3 Qxg2+ 19. Kd3 Bxf3 20. Nd2 Nxd2
21. Bxd2 Rae8 22. Rg1 Qe2+ 23. Kc3 g6 24. Rae1 Re4 25. Rxe2 Rxf4 26. Bxf4 Bxe2
27. Re1 Bf3 28. Re7 b5 29. Bb3 c5 30. a3 Kg7 31. Be5+ Kh6 32. Bf6 g5 33. Re5 c4
34. Ba2 g4 35. Bh4 f5 36. Kd4 Kg6 37. Re6+ Kh7 38. Re7+ Kg8 39. c3 Be4 40. b3 f4
41. bxc4 bxc4 42. Re5 g3 43. Rxh5 g2 44. Rg5+ Kh7 45. Bxc4 Rg8 46. Rh5+ Kg7 47.
Rg5+ Kf8 48. Rxg8+ Kxg8 49. Bf2 Kg7 50. Bxd5 Bxd5 51. Kxd5 Kf7 52. c4 Ke7 53. c5
Kd7 54. Ke4 {Black resigns} 1-0

[Event "Team 45 45 League T53"]
[Site "Internet Chess Club"]
[Date "2012.05.21"]
[Round "1"]
[White "Bible-Believer"]
[Black "mongmong"]
[Result "0-1"]
[WhiteElo "1461"]
[BlackElo "1657"]
[Opening "Nimzo-Indian: classical variation"]
[ECO "E32"]
[Time "19:27:34"]
[TimeControl "2700+45"]

1. d4 e6 2. c4 Nf6 3. Nc3 Bb4 4. Qc2 Bxc3+ 5. Qxc3 b6 6. Bg5 Bb7 7. e3 d6 8. f3
Qe7 9. Bd3 c5 10. Ne2 e5 11. O-O-O h6 12. Bh4 Nbd7 13. Ng3 O-O-O 14. Nf5 Qf8 15.
Nxd6+ Qxd6 16. dxe5 Qxe5 17. Qxe5 Nxe5 18. Bf5+ Ned7 19. Bxf6 gxf6 20. Rd6 Kc7
21. Rhd1 Bc6 22. Bxd7 Bxd7 23. Rxf6 Be6 24. b3 Rxd1+ 25. Kxd1 Kd6 26. f4 Ke7
{White resigns} 0-1

[Event "Team 45 45 League T53"]
[Site "Internet Chess Club"]
[Date "2012.05.22"]
[Round "1"]
[White "Conjurer"]
[Black "BotanicalKnight"]
[Result "0-1"]
[WhiteElo "1477"]
[BlackElo "1504"]
[Opening "English: closed system"]
[ECO "A25"]
[Time "21:03:06"]
[TimeControl "2700+45"]

1. c4 e5 2. Nc3 Nc6 3. g3 g6 4. Bg2 Bg7 5. e4 d6 6. Nge2 f5 7. d3 Nf6 8. O-O O-O
9. f4 Rb8 10. Be3 Ng4 11. Bd2 h6 12. Nd5 Ne7 13. Rc1 c6 14. Nxe7+ Qxe7 15. h3
Nf6 16. Nc3 exf4 17. Bxf4 g5 18. Be3 fxe4 19. dxe4 Be6 20. b3 a6 21. g4 Nh7 22.
Ne2 Rxf1+ 23. Bxf1 Nf6 24. Ng3 Rd8 25. Qc2 d5 26. exd5 cxd5 27. cxd5 Nxd5 28.
Bc5 Qf6 29. Nf5 Bxf5 30. Qxf5 Qxf5 31. gxf5 Nf4 32. Re1 Bd4+ 33. Bxd4 Rxd4 34.
Re8+ Kf7 35. Re5 Kf6 36. Rc5 Rd5 37. Rxd5 Nxd5 38. Bd3 Ne3 39. Be4 b6 40. Kf2
Nxf5 41. Bxf5 Kxf5 42. Kf3 h5 43. a3 g4+ 44. hxg4+ hxg4+ 45. Ke3 a5 46. a4 Ke5
47. Kf2 Kd4 48. Kg3 Kc3 49. Kxg4 Kxb3 {White resigns} 0-1

[Event "Team 45 45 League T53"]
[Site "Internet Chess Club"]
[Date "2012.05.21"]
[Round "1"]
[White "sockmonkey"]
[Black "PT105"]
[Result "1-0"]
[WhiteElo "1391"]
[BlackElo "1225"]
[Opening "Queen's pawn game, Chigorin variation"]
[ECO "D02"]
[Time "12:00:07"]
[TimeControl "2700+45"]

1. d4 d5 2. Nf3 Nc6 3. c4 Nf6 4. Nc3 e6 5. cxd5 exd5 6. Bg5 Bb4 7. e3 Qd6 8. a3
Ba5 9. b4 Nxb4 10. Qa4+ Bd7 11. Qb3 Nc6 12. Bf4 Qe7 13. Bd3 Ne4 14. Bxe4 Qxe4
15. O-O Bxc3 16. Qxc3 Rc8 17. Ne5 Nxe5 18. Bxe5 O-O 19. f3 Qg6 20. Kh1 Rfe8 21.
Qb3 b6 22. Qxd5 Red8 23. Qe4 Bf5 24. Qh4 f6 25. Bf4 Qf7 26. g4 Bd3 27. Rfd1 Be2
28. Re1 Bxf3+ 29. Kg1 Bc6 30. Rac1 Qd5 31. e4 Qxd4+ 32. Qf2 Qxf2+ 33. Kxf2 g5
34. Rxc6 gxf4 35. Rxf6 Rf8 36. Rxf8+ Kxf8 37. Kf3 c5 38. Kxf4 c4 39. Ke3 c3 40.
Kd3 c2 41. Rc1 Ke7 42. Rxc2 Rxc2 43. Kxc2 Ke6 44. Kd3 Ke5 45. Ke3 b5 46. h4 a5
47. h5 b4 48. axb4 axb4 49. g5 b3 50. Kd2 b2 51. Kc2 b1=Q+ 52. Kxb1 Ke6 53. Kc2
Kf7 54. Kd3 Kg7 55. Kd4 h6 56. gxh6+ Kxh6 57. Ke5 Kxh5 58. Ke6 Kg6 59. e5 Kg7
60. Kd7 Kf8 61. e6 Kg7 62. e7 Kf7 63. e8=Q+ Kg7 64. Qe6 Kh8 65. Qe7 Kg8 66. Ke6
Kh8 67. Kf6 Kg8 68. Qg7# {Black checkmated} 1-0

[Event "Team 45 45 League T53"]
[Site "Internet Chess Club"]
[Date "2012.05.17"]
[Round "1"]
[White "nosir"]
[Black "krysto"]
[Result "1-0"]
[WhiteElo "1491"]
[BlackElo "1588"]
[Opening "French: King's Indian attack"]
[ECO "C00"]
[Time "21:30:14"]
[TimeControl "2700+45"]

1. e4 e6 2. d3 d5 3. Nd2 Nf6 4. Ngf3 Be7 5. g3 O-O 6. Bg2 b6 7. e5 Nfd7 8. O-O
c5 9. Re1 Nc6 10. Nf1 f6 11. exf6 Nxf6 12. h4 Bd6 13. Ng5 e5 14. Ne3 Ne7 15. c4
h6 16. Nh3 Be6 17. g4 Rb8 18. g5 Bxh3 19. Bxh3 hxg5 20. Be6+ Kh8 21. hxg5 g6 22.
gxf6 Rxf6 23. Qg4 Kg7 24. Nxd5 Nxd5 25. Bxd5 Qh8 26. Bg5 Rf5 27. Kg2 Qf8 28. f3
Re8 29. Rh1 Be7 30. Bh6+ Kf6 31. Bxf8 Rg5 32. Bxe7+ Rxe7 33. Qxg5+ Kxg5 {Black
resigns} 1-0

[Event "Team 45 45 League T53"]
[Site "Internet Chess Club"]
[Date "2012.05.22"]
[Round "1"]
[White "Berke"]
[Black "SirIvanhoe"]
[Result "1/2-1/2"]
[WhiteElo "1567"]
[BlackElo "1498"]
[Opening "Caro-Kann: two knights, 3...Bg4"]
[ECO "B11"]
[Time "13:00:09"]
[TimeControl "2700+45"]

1. e4 c6 2. Nc3 d5 3. Nf3 Bg4 4. h3 Bxf3 5. Qxf3 e6 6. d4 Nf6 7. e5 Nfd7 8. Ne2
c5 9. c3 Nc6 10. Bd2 cxd4 11. cxd4 Qb6 12. Bc3 Bb4 13. Qd3 O-O 14. Ng3 Qxd4 15.
Qxd4 Nxd4 16. Bxb4 Nc2+ 17. Kd2 Nxb4 18. a3 Nc6 19. f4 a6 20. Bd3 Rac8 21. Ne2
Nc5 22. Rad1 Nxd3 23. Kxd3 Na7 24. Rc1 Rxc1 25. Rxc1 Rc8 26. Rxc8+ Nxc8 27. Nd4
Kf8 28. f5 Ke7 29. g4 Nb6 30. fxe6 fxe6 31. Nf3 Nc4 32. Kc3 h6 33. a4 Kd7 34. b3
Na5 35. h4 {Game drawn by mutual agreement} 1/2-1/2

[Event "Team 45 45 League T53"]
[Site "Internet Chess Club"]
[Date "2012.05.18"]
[Round "1"]
[White "drsigmund1"]
[Black "Elalfer"]
[Result "1-0"]
[WhiteElo "1518"]
[BlackElo "1385"]
[Opening "Sicilian: Grand Prix attack"]
[ECO "B23"]
[Time "21:00:03"]
[TimeControl "2700+45"]

1. e4 c5 2. Nc3 Nc6 3. f4 g6 4. Nf3 Bg7 5. Bb5 Nd4 6. O-O a6 7. Bc4 d6 8. Ne2 e6
9. Nexd4 cxd4 10. d3 b5 11. Bb3 Ne7 12. Qe1 Bb7 13. Qh4 a5 14. a3 a4 15. Ba2 Rc8
16. Qf2 Qc7 17. Nxd4 Qc5 18. Be3 Nc6 19. Nxe6 Nd4 20. Nxc5 {Black resigns} 1-0

[Event "Team 45 45 League T53"]
[Site "Internet Chess Club"]
[Date "2012.05.17"]
[Round "1"]
[White "otib2006"]
[Black "lawth3"]
[Result "1-0"]
[WhiteElo "1391"]
[BlackElo "1256"]
[Opening "Queen's pawn: Yusupov-Rubinstein system"]
[ECO "A46"]
[Time "13:07:55"]
[TimeControl "2700+45"]

1. d4 Nf6 2. Nf3 e6 3. e3 Be7 4. Bd3 Nc6 5. O-O O-O 6. Nbd2 b6 7. c3 Bb7 8. Qe2
d6 9. a4 Nd7 10. b4 e5 11. b5 Ncb8 12. dxe5 dxe5 13. Be4 c6 14. Nc4 Bf6 15. Rd1
Qc7 16. Ba3 Rd8 17. Bd6 Qc8 18. Bxe5 Nxe5 19. Ncxe5 Bxe5 20. Nxe5 Re8 21. f4 f6
22. Qc4+ Qe6 23. Qxe6+ Rxe6 24. Rd8+ {Black resigns} 1-0

[Event "Team 45 45 League T53"]
[Site "Internet Chess Club"]
[Date "2012.05.26"]
[Round "1"]
[White "SlimeDog2"]
[Black "charles-allen"]
[Result "1-0"]
[WhiteElo "2114"]
[BlackElo "1882"]
[Opening "QGD Slav: 4.e3"]
[ECO "D11"]
[Time "21:07:26"]
[TimeControl "2700+45"]

1. d4 d5 2. Nf3 Nf6 3. c4 c6 4. e3 Bg4 5. Nc3 Nbd7 6. h3 Bf5 7. cxd5 cxd5 8. Qb3
Nb6 9. Bb5+ Bd7 10. Ne5 e6 11. Bd3 Be7 12. a4 Bc6 13. a5 Nbd7 14. a6 Qb6 15.
Qxb6 axb6 16. Bb5 Nxe5 17. axb7 Rb8 18. dxe5 Bxb5 19. exf6 Bb4 20. fxg7 Rg8 21.
Bd2 Bxc3 22. Bxc3 Ke7 23. Bb4+ Kf6 24. Bf8 Rxb7 25. Kd2 Bc4 26. h4 b5 27. Rh3 b4
28. Rg3 Rb8 29. Rf3+ Kg6 30. h5+ Kxh5 31. Rxf7 Kg6 32. Raa7 Ra8 33. Rxa8 Kxf7
34. Rb8 b3 35. Kc3 Kf6 36. Rb4 Rxg7 37. Bxg7+ Kxg7 38. Rxc4 dxc4 39. Kxc4 Kf6
40. Kxb3 Ke5 41. Kc4 Kd6 42. Kb5 {Black resigns} 1-0

[Event "Team 45 45 League T53"]
[Site "Internet Chess Club"]
[Date "2012.05.19"]
[Round "1"]
[White "McKnights"]
[Black "katikus"]
[Result "0-1"]
[WhiteElo "1723"]
[BlackElo "1805"]
[Opening "Sicilian: Najdorf, Byrne (English) attack"]
[ECO "B90"]
[Time "19:03:53"]
[TimeControl "2700+45"]

1. e4 c5 2. Nf3 d6 3. Nc3 Nf6 4. d4 cxd4 5. Nxd4 a6 6. Be3 e5 7. Nb3 Be6 8. Be2
Be7 9. O-O O-O 10. f4 exf4 11. Bxf4 Nc6 12. Kh1 Ne5 13. Nd4 Rc8 14. Nxe6 fxe6
15. Bxe5 dxe5 16. Qxd8 Rfxd8 17. Rad1 Rxd1 18. Rxd1 Rd8 19. Rxd8+ Bxd8 20. Bd3
Bb6 21. g3 Kf7 22. Kg2 Ke7 23. Kf3 Kd6 24. h3 g5 25. g4 Nd7 26. b4 h6 27. Ne2
Nb8 28. c4 Bd4 29. c5+ Kc7 30. Bc4 Nc6 31. b5 axb5 32. Bxb5 Bxc5 33. Bc4 Kd6 34.
a4 Nd4+ 35. Kg2 Nc2 36. Kf3 Bb6 37. Nc1 Nd4+ 38. Kg2 Kc5 39. Ba2 Kb4 40. Nd3+
Kxa4 41. Nxe5 Bc7 42. Nf7 Ka3 43. Bb1 b5 44. Kf2 Kb2 45. Bd3 Kc3 46. Bb1 b4 47.
e5 b3 48. Nd6 Kb2 49. Bd3 Kc1 50. Ke3 Nc2+ 51. Ke4 b2 52. Nc4 b1=Q 53. Na3 Qb7#
{White checkmated} 0-1

[Event "Team 45 45 League T53"]
[Site "Internet Chess Club"]
[Date "2012.05.19"]
[Round "1"]
[White "j65536d"]
[Black "Warpdrive"]
[Result "1-0"]
[WhiteElo "1848"]
[BlackElo "1615"]
[Opening "Caro-Kann: advance variation"]
[ECO "B12"]
[Time "16:11:09"]
[TimeControl "2700+45"]

1. e4 c6 2. d4 d5 3. e5 Bf5 4. g4 Bg6 5. h4 h6 6. Ne2 e6 7. Ng3 c5 8. c3 Nc6 9.
f4 Bxb1 10. Rxb1 cxd4 11. cxd4 Bb4+ 12. Bd2 Qa5 13. Ne2 Bxd2+ 14. Qxd2 Qxd2+ 15.
Kxd2 Nge7 16. h5 Kd7 17. Ke3 a6 18. Nc3 b5 19. a3 Na5 20. b3 Rac8 21. Kd2 Rc7
22. Bd3 Rhc8 23. Ne2 Kd8 24. f5 Kd7 25. Rhf1 exf5 26. gxf5 f6 27. Rg1 Rg8 28.
Nf4 Nac6 29. exf6 gxf6 30. Rxg8 Nxg8 31. Nxd5 Rb7 32. Rg1 Rb8 33. Rxg8 Rxg8 34.
Nxf6+ Kd6 35. Nxg8 Nxd4 36. Kc3 {Black resigns} 1-0

[Event "Team 45 45 League T53"]
[Site "Internet Chess Club"]
[Date "2012.05.16"]
[Round "1"]
[White "CaoCao"]
[Black "whitetiger"]
[Result "0-1"]
[WhiteElo "1864"]
[BlackElo "1852"]
[Opening "Sicilian"]
[ECO "B56"]
[Time "13:23:37"]
[TimeControl "2700+45"]

1. e4 c5 2. Nf3 d6 3. d4 cxd4 4. Nxd4 Nf6 5. Nc3 Bd7 6. Bg5 e6 7. Qd2 a6 8.
O-O-O h6 9. Bxf6 Qxf6 10. Kb1 Nc6 11. Nxc6 bxc6 12. f4 d5 13. exd5 cxd5 14. Bc4
Rb8 15. Bb3 Bb4 16. Nxd5 exd5 17. Qxd5 Be6 18. Qc6+ Kf8 19. Qc7 Re8 20. Qb7 a5
21. Ba4 Rd8 22. Rxd8+ Qxd8 23. c3 Be7 24. Rd1 Qc8 25. Qa7 Bf6 26. Bd7 Bxd7 27.
Rxd7 Kg8 28. g4 Qe8 29. Qb7 Qe1+ 30. Kc2 Qf2+ 31. Kb3 Qxf4 32. Qd5 Be5 33. h3
Kh7 34. Rxf7 Rb8+ 35. Rb7 Rxb7+ 36. Qxb7 a4+ 37. Ka3 Bd6+ 38. b4 axb3+ 39. Kxb3
Qe5 40. Qd7 Qd5+ 41. Kc2 Qxa2+ 42. Kd3 Qb1+ 43. Kc4 Qe4+ 44. Kb3 Be5 45. Qf7
Qb1+ {White resigns} 0-1

[Event "Team 45 45 League T53"]
[Site "Internet Chess Club"]
[Date "2012.05.26"]
[Round "1"]
[White "JimGrange"]
[Black "hewdondada"]
[Result "1/2-1/2"]
[WhiteElo "1834"]
[BlackElo "1824"]
[Opening "QGD Slav: Dutch variation"]
[ECO "D18"]
[Time "06:00:16"]
[TimeControl "2700+45"]

1. d4 d5 2. c4 c6 3. Nf3 Nf6 4. Nc3 dxc4 5. a4 Bf5 6. e3 e6 7. Bxc4 Bb4 8. O-O
Nbd7 9. Nh4 Bg4 10. f3 Bh5 11. g4 Bg6 12. e4 Qa5 13. Na2 Be7 14. b4 Qc7 15. Qe2
e5 16. f4 exf4 17. Nxg6 hxg6 18. Bxf4 Qb6 19. Be3 O-O 20. d5 Qc7 21. Rad1 Ne5
22. g5 Ne8 23. Bf4 Bd6 24. Bb3 Qe7 25. dxc6 Nxc6 26. Bxd6 Nxd6 27. Qg4 Qxe4 28.
Qxe4 Nxe4 29. Rd7 Nxg5 30. h4 Ne6 31. Rfxf7 Rxf7 32. Bxe6 Nd8 33. Bxf7+ Nxf7 34.
Rxb7 Nd6 35. Rd7 Nf5 36. Kf2 Nxh4 37. Kg3 Nf5+ 38. Kf4 a6 39. Nc3 Rc8 40. Nd5
Rc4+ 41. Kg5 Rc6 42. Ne7+ Nxe7 43. Rxe7 Kh7 44. Rb7 Rc4 45. Rb6 Re4 46. Rb7 Re5+
47. Kf4 Rf5+ 48. Kg4 Rf6 49. Rd7 Kh6 50. Rd1 g5 51. Rb1 Rf4+ 52. Kg3 Kh5 53.
Rh1+ Kg6 54. Rb1 Kf5 55. b5 axb5 56. axb5 Re4 57. b6 Re3+ 58. Kf2 Re8 59. b7 Rb8
60. Kg3 g4 61. Rb5+ Ke6 62. Kxg4 Kd6 {Game drawn by mutual agreement} 1/2-1/2

[Event "Team 45 45 League T53"]
[Site "Internet Chess Club"]
[Date "2012.05.19"]
[Round "1"]
[White "RamRock"]
[Black "CzwartyWymiar"]
[Result "1-0"]
[WhiteElo "1759"]
[BlackElo "1798"]
[Opening "Philidor: Hanham, Krause variation"]
[ECO "C41"]
[Time "10:14:16"]
[TimeControl "2700+45"]

1. e4 e5 2. Nf3 d6 3. d4 Nd7 4. Bc4 c6 5. O-O Be7 6. c3 Ngf6 7. Re1 O-O 8. Nbd2
b5 9. Bb3 h6 10. Nf1 Re8 11. Ng3 exd4 12. Nxd4 Qb6 13. Ndf5 Nf8 14. Nxe7+ Rxe7
15. Qxd6 Rd7 16. Qf4 Ng6 17. Qe3 c5 18. f3 Bb7 19. Qf2 Qc7 20. c4 Ne5 21. Bf4 a6
22. Red1 Rad8 23. cxb5 axb5 24. Nf5 c4 25. Bc2 Nh5 26. Be3 Qc8 27. Qh4 Rxd1+ 28.
Rxd1 Rxd1+ 29. Bxd1 Qd7 30. Be2 g6 31. Nxh6+ Kg7 32. Ng4 Nd3 33. Bh6+ Kh8 34.
Qg5 Ndf4 35. Qe5+ f6 36. Qb8+ Bc8 37. Bxf4 Nxf4 38. Qxf4 Qd4+ 39. Qe3 Qxb2 40.
Qh6+ Kg8 41. Qxg6+ {Black resigns} 1-0

[Event "Team 45 45 League T53"]
[Site "Internet Chess Club"]
[Date "2012.05.20"]
[Round "1"]
[White "Whalen"]
[Black "ElMarginal"]
[Result "1-0"]
[WhiteElo "1685"]
[BlackElo "1496"]
[Opening "English: symmetrical, four knights system"]
[ECO "A35"]
[Time "15:05:02"]
[TimeControl "2700+45"]

1. c4 c5 2. Nc3 Nc6 3. Nf3 Nf6 4. d4 e6 5. d5 exd5 6. cxd5 Ne7 7. Bg5 Ng6 8. d6
h6 9. Nb5 Qa5+ 10. Nc3 hxg5 11. Qd2 Nf4 12. O-O-O a6 13. Nxg5 Ne6 14. e4 b5 15.
e5 Nh7 16. Qd5 Rb8 17. Nxe6 fxe6 18. Qxc5 Bb7 19. Kb1 Ng5 20. Qe3 Nf7 21. Ne4
Nxe5 22. Qf4 Bxe4+ 23. Qxe4 b4 24. f4 Nf7 25. Bc4 Qf5 26. Qxf5 exf5 27. Rhe1+
Kd8 28. Bxf7 Rxh2 29. Re8# {Black checkmated} 1-0

[Event "Team 45 45 League T53"]
[Site "Internet Chess Club"]
[Date "2012.05.19"]
[Round "1"]
[White "BigH"]
[Black "eurander"]
[Result "0-1"]
[WhiteElo "2144"]
[BlackElo "2130"]
[Opening "QGD semi-Slav"]
[ECO "D43"]
[Time "10:07:06"]
[TimeControl "2700+45"]

1. d4 d5 2. c4 c6 3. Nf3 Nf6 4. Nc3 e6 5. Bg5 h6 6. Bh4 dxc4 7. e4 g5 8. Bg3 b5
9. Be2 Bb7 10. Qc2 Nbd7 11. Rd1 Qb6 12. O-O Bg7 13. Bd6 Bf8 14. Bg3 Bg7 15. h4
Nh5 16. Bh2 g4 17. Ne5 Nxe5 18. Bxe5 Bxe5 19. dxe5 Nf4 20. Qd2 Nxe2+ 21. Nxe2
Qd8 22. Qe3 Qxh4 23. Rd6 O-O 24. Rfd1 Qg5 25. Qxg5+ hxg5 26. Rd7 Rab8 27. Kh2 c5
28. Kg3 Bxe4 29. Kxg4 Bd3 30. Ng3 Rbd8 31. Rxd8 Rxd8 32. Kxg5 Rd4 33. f4 Bg6 34.
Re1 Rd3 35. Nh5 Bxh5 36. Kxh5 Rd2 37. g4 Rxb2 38. f5 exf5 39. gxf5 Kf8 40. e6
fxe6 41. Rxe6 Rg2 42. Rc6 c3 43. Rxc5 c2 44. Kh4 a5 45. Kh3 Rd2 46. Kg4 b4 47.
Kg5 a4 48. Kg6 Rg2+ 49. Kf6 Ke8 50. Ke6 Re2+ {White resigns} 0-1

[Event "Team 45 45 League T53"]
[Site "Internet Chess Club"]
[Date "2012.05.19"]
[Round "1"]
[White "chess92192"]
[Black "Greedy-Reedy"]
[Result "0-1"]
[WhiteElo "2008"]
[BlackElo "2029"]
[Opening "English: symmetrical, Benoni formation"]
[ECO "A31"]
[Time "13:30:45"]
[TimeControl "2700+45"]

1. d4 Nf6 2. Nf3 c5 3. c4 cxd4 4. Nxd4 e5 5. Nf3 e4 6. Nd4 d5 7. e3 Bb4+ 8. Bd2
Bxd2+ 9. Nxd2 O-O 10. Qc2 Nc6 11. Nxc6 bxc6 12. cxd5 cxd5 13. Nb3 Bb7 14. Be2
Rc8 15. Qd2 Qb6 16. Qd4 Qd6 17. O-O Ba6 18. Bxa6 Qxa6 19. Nc5 Qd6 20. b4 Ng4 21.
f4 Nf6 22. Rfc1 Qb6 23. a4 h6 24. Rc2 Rc6 25. b5 Rc7 26. Rac1 Rfc8 27. Qb4 a5
28. Qa3 Qd6 29. b6 Qxb6 30. Rc3 Qb4 31. Qxb4 axb4 32. R3c2 Nd7 33. Rb2 Rxc5 34.
Rxc5 Rxc5 35. Rxb4 Rc4 36. Rb7 Nc5 37. Rb8+ Kh7 38. a5 Ra4 39. Rb5 Rc4 40. a6
Nxa6 41. Rxd5 Rc2 42. h4 Re2 43. Ra5 Nc7 44. Ra7 Rc2 45. Ra4 f5 46. Ra5 Kg6 47.
h5+ Kf6 48. Re5 Re2 49. g4 fxg4 50. Rxe4 Nd5 51. Kf1 Rxe3 52. Rd4 Rf3+ 53. Kg1
Nxf4 54. Ra4 Kg5 55. Ra7 Nxh5 56. Kg2 Nf4+ 57. Kh2 g3+ 58. Kg1 g6 59. Ra4 Rb3
{White resigns} 0-1

[Event "Team 45 45 League T53"]
[Site "Internet Chess Club"]
[Date "2012.05.19"]
[Round "1"]
[White "CHESS-CHAMPION"]
[Black "Nakke"]
[Result "0-1"]
[WhiteElo "1880"]
[BlackElo "1979"]
[Opening "Scotch: Potter variation"]
[ECO "C45"]
[Time "13:00:33"]
[TimeControl "2700+45"]

1. e4 e5 2. Nf3 Nc6 3. d4 exd4 4. Nxd4 Bc5 5. Nb3 Bb6 6. Be2 Nf6 7. Nc3 h6 8.
O-O d6 9. a4 a5 10. Bf4 O-O 11. Re1 Re8 12. Bb5 Bd7 13. h3 Qc8 14. g4 Nxg4 15.
hxg4 Bxg4 16. Qd2 Bf3 {White resigns} 0-1

[Event "Team 45 45 League T53"]
[Site "Internet Chess Club"]
[Date "2012.05.22"]
[Round "1"]
[White "irock"]
[Black "playwaycool"]
[Result "0-1"]
[WhiteElo "1896"]
[BlackElo "2071"]
[Opening "Ruy Lopez: exchange variation"]
[ECO "C68"]
[Time "19:35:47"]
[TimeControl "2700+45"]

1. e4 e5 2. Nf3 Nc6 3. Bb5 a6 4. Bxc6 dxc6 5. d4 exd4 6. Nxd4 c5 7. Nf3 Qxd1+ 8.
Kxd1 Bg4 9. Ke2 O-O-O 10. Nc3 f6 11. Be3 Bd6 12. Rad1 Ne7 13. h3 Bh5 14. g4 Bf7
15. Nh4 Rhe8 16. f4 c4 17. Kf3 b5 18. Ne2 Nc6 19. Nd4 Nxd4+ 20. Bxd4 c5 21. Be3
g6 22. Rd2 Bf8 23. Rhd1 Rxd2 24. Bxd2 Rd8 25. Ke2 Rd4 26. Ke3 b4 27. Nf3 Rd8 28.
Re1 Kb7 29. e5 Bd5 30. Bc1 fxe5 31. Nxe5 Bg8 32. Kf3 a5 33. h4 a4 34. Kg3 c3 35.
bxc3 Bxa2 36. cxb4 cxb4 37. Nd3 b3 38. Nb2 bxc2 39. Nxa4 Rd1 40. Kf2 Bb3 41. Nb2
Bb4 42. Rf1 Bc3 43. f5 gxf5 44. gxf5 Rxc1 45. Rxc1 Bxb2 46. f6 Bxc1 47. Ke2 Bb2
48. f7 Bxf7 {White resigns} 0-1

[Event "Team 45 45 League T53"]
[Site "Internet Chess Club"]
[Date "2012.05.20"]
[Round "1"]
[White "Yosemite-Sam"]
[Black "imawesome"]
[Result "1/2-1/2"]
[WhiteElo "1901"]
[BlackElo "1794"]
[Opening "Sicilian: accelerated fianchetto, Maróczy bind"]
[ECO "B36"]
[Time "15:30:16"]
[TimeControl "2700+45"]

1. e4 c5 2. Nf3 g6 3. d4 cxd4 4. Nxd4 Nc6 5. c4 Nf6 6. f3 d6 7. Nc3 Bd7 8. Be3
Bg7 9. Qd2 O-O 10. Be2 Qa5 11. O-O Nxd4 12. Bxd4 Rfc8 13. Rfd1 a6 14. Rac1 Be6
15. b3 Qd8 16. Bd3 Nd7 17. Be3 Nc5 18. Bb1 a5 19. f4 Bd7 20. f5 Bc6 21. Qf2 Nd7
22. Nd5 Bxd5 23. exd5 Ne5 24. fxg6 hxg6 25. h3 a4 26. Bb6 Qd7 27. Rf1 axb3 28.
axb3 Qe8 29. Kh1 Bf6 30. Be3 Kg7 31. Qd2 Qh8 32. c5 dxc5 33. Bxc5 Qh6 34. Be3
Qh8 35. Rce1 Qd8 36. Bh6+ Kg8 37. Re4 Qd6 38. Bg5 Kg7 39. Bxf6+ exf6 40. Ref4
Nd7 41. Qd4 Rc5 42. Be4 Rac8 43. Qd2 Qe5 44. Rh4 Qg5 45. Qf2 Rc1 46. Rf4 Rxf1+
47. Qxf1 Qe5 48. d6 Ra8 49. Bb1 Ra1 50. Rf2 Qxd6 51. Qc1 Qc5 52. Rc2 Qa3 53.
Qxa3 Rxa3 54. Rb2 f5 55. Bd3 Kf6 56. Kg1 Ne5 57. Be2 Ke6 58. Kf2 g5 59. Bc4+
Nxc4 60. bxc4 Rc3 61. Rxb7 Rxc4 62. Rb5 Rd4 63. Ra5 Rd5 64. Ra8 Kf6 65. Re8 Re5
66. Rg8 f4 67. h4 gxh4 68. Rh8 Kg5 69. Rg8+ Kf5 70. Rg7 f6 71. Rg8 Ra5 72. Rh8
Kg4 73. Rf8 Rf5 74. Rg8+ Rg5 75. Rf8 f5 76. Rh8 f3 77. gxf3+ Kh3 78. Rh6 Rg2+
79. Ke3 Kg3 80. Rg6+ Kh2 81. Rh6 h3 82. Kf4 Rg3 83. Kxf5 Kg2 84. f4 h2 85. Ke5
h1=Q 86. Rxh1 Kxh1 87. f5 Kh2 88. f6 Re3+ 89. Kf5 Kg3 90. f7 Rf3+ 91. Kg6 Kh4
92. Kg7 Rg3+ 93. Kh8 Rf3 94. Kg7 Rxf7+ 95. Kxf7 {Game drawn because neither
player has mating material} 1/2-1/2